 Dungeon Crawl Stone Soup version 0.29.1-14-g9c671dbff4 (webtiles) character file.

Game seed: 14220780960421629417

34 croobank the Sneak (level 3, 0/26 HPs)
             Began as an Octopode Delver on Feb 15, 2023.
             Slain by a phantom (5 damage)
             ... on level 6 of the Dungeon.
             The game lasted 00:00:41 (297 turns).

croobank the Sneak (Octopode Delver)                 Turns: 297, Time: 00:00:41

Health: 0/26       AC:  1    Str: 11    XL:     3   Next: 31%
Magic:  3/3        EV: 13    Int: 14    God:
Gold:   30         SH:  0    Dex: 13    Spells: 2/2 levels left

rFire   . . .      SeeInvis .   a - +0 hand axe
rCold   . . .      Faith    .   (no shield)
rNeg    . . .      Spirit   .   (helmet restricted)
rPois   .          Reflect  .   (no amulet)
rElec   .          Harm     .   (no ring)
rCorr   .          Rampage  .   (no ring)
Will    .....                   (no ring)
Stlth   ++++......              (no ring)
HPRegen 0.08/turn               (no ring)
MPRegen 0.08/turn               (no ring)
                                (no ring)
                                (no ring)

@: mighty
A: almost no armour, amphibious, 8 rings, camouflage 1, gelatinous body 1,
(nimble swimmer 1), tentacles
a: no special abilities


You were on level 6 of the Dungeon.
You visited 1 branch of the dungeon, and saw 2 of its levels.

You collected 30 gold pieces.

Inventory:

Hand Weapons
 a - a +0 hand axe (weapon)
Wands
 f - a wand of digging (3)
Scrolls
 b - a scroll of fog
 c - a scroll of magic mapping
 d - a scroll of fear
 h - 3 scrolls of immolation {unknown}
Potions
 e - a potion of haste


   Skills:
 + Level 3.3 Fighting
 + Level 2.4 Axes
 + Level 2.4 Dodging
 + Level 7.0 Stealth


You had 2 spell levels left.
You didn't know any spells.
Your spell library was empty.

Dungeon Overview and Level Annotations

Branches:
Dungeon (6/15)
 Temple: D:4-7

Altars:


Innate Abilities, Weirdness & Mutations

You cannot wear most types of armour.
You are amphibious.
You can wear up to eight rings at the same time.
Your skin changes colour to match your surroundings (Stealth+).
Your rubbery body absorbs attacks. (AC +1, EV +1)
((You are camouflaged when in or above water. (Stealth+)))
You have tentacles for arms and can constrict up to eight enemies at once.


Message History

Increase (S)trength, (I)ntelligence, or (D)exterity?
You feel clever. x2
You start resting.
HP restored.
You see here a +0 hand axe.
You now have 30 gold pieces (gained 12).
Found 5 large rocks.
Found a cloak.
A phantom comes into view.
Found a mace.
You see here 3 scrolls labelled ELEDORCHUTEMP.
h - 3 scrolls labelled ELEDORCHUTEMP Saving game... please wait.
Welcome back, croobank the Octopode Delver.
Press ? for a list of commands and other information.
Found 4 stones.
You see here 4 stones.
A sourceless malevolence fills the Dungeon...
With a horrendous wail, an alarm goes off!
A sentinel's mark forms upon you.
You hear a shout!
A phantom is nearby!
It was a potion of might.
You feel very mighty all of a sudden.
The sentinel's mark upon you fades away.
The phantom hits you.
You miss the phantom. The phantom hits you.
You closely miss the phantom. You squeeze the phantom!
The phantom is moderately damaged.
The phantom hits you.
You closely miss the phantom.
The phantom is moderately damaged.
The phantom hits you!
The phantom blinks!
You blink.
The phantom attacks as you move away! The phantom hits you.
The phantom attacks as you move away! The phantom hits you!
* * * LOW HITPOINT WARNING * * *
You hit the phantom.
The phantom is heavily damaged.
The phantom hits you.
You die...

... .W #.###########
#...........#
#.#########.#
################.###
.).)).#............#
#####.#.########.#.#
...<#.#.# #@#.#
#####.#.# #W#.#
#.#.# #.#.# #.#.#
#.#.# #.#.# #.#.#
#.#.# #.#.# #.#.#
#.#.# #####.#.#
#.#.# ......#.#
#.#.#############


You could see a phantom.

Vanquished Creatures
  An orc priest (D:6)
  2 orcs (D:6)
3 creatures vanquished.

Notes
Turn   | Place    | Note
-------+----------+-------------------------------------------
     0 | D:5      | croobank the Octopode Delver began the quest for the Orb.
     0 | D:5      | Reached XP level 1. HP: 16/16 MP: 1/1
    41 | D:6      | Noticed an orc priest
    49 | D:6      | Killed an orc priest
    50 | D:6      | Reached skill level 7 in Stealth
    50 | D:6      | Reached XP level 2. HP: 15/21 MP: 2/2
    50 | D:6      | Reached XP level 3. HP: 18/26 MP: 3/3
   219 | D:6      | Noticed a phantom
   297 | D:6      | Slain by a phantom

Illustrated notes

Levels and vault maps discovered:
D:5:      layout_basic, kennysheep_mini, serial_shops, nicolae_lakefront_shop,
          uniq_sigmund, uniq_duvessa, uniq_edmund
D:6:      layout_basic, hangedman_decor_slide_cut, kennysheep_generic_room_4

Skill      XL: |  1 |
---------------+----+-----
Stealth        | 7 |  7.0
Fighting       | |  3.3
Axes           | |  2.4
Dodging        | |  2.4

Action                   || total
-------------------------++-------
Melee: Hand axe          ||     9
       Constrict         ||     3
       Tentacles         ||     2
       Punch             ||     1
  Use: Potion            ||     1
 Stab: Sleeping          ||     3
Dodge: Dodged            ||     1
